 Dungeon Crawl Stone Soup version 0.22-a0-271-gc000056 (webtiles) character file.

50 xccam the Magician (level 3, 0/31 HPs)
             Began as a Gnoll Wanderer on Mar 10, 2018.
             Slain by an ogre
             ... wielding a +0 giant spiked club
              (8 damage)
             ... on level 3 of the Dungeon.
             The game lasted 00:03:34 (1703 turns).

xccam the Magician (Gnoll Wanderer)                 Turns: 1703, Time: 00:03:35

Health: 0/31       AC:  9    Str: 16    XL:     3   Next: 79%
Magic:  9/9        EV:  6    Int: 14    God:
Gold:   84         SH:  0    Dex: 13    Spells: 12/12 levels left

rFire    . . .     SeeInvis .   b - +1 war axe
rCold    . . .     Gourm    +   (no shield)
rNeg     . . .     Faith    .   l - +1 chain mail
rPois    .         Spirit   .   (no helmet)
rElec    .         Reflect  .   (no cloak)
rCorr    .         Harm     .   (no gloves)
MR       .....                  (no boots)
Stlth    ..........             q - amulet of the gourmand
HPRegen  0.10/turn              (no ring)
MPRegen  0.11/turn              (no ring)

@: no status effects
A: distributed training, fangs 1, strong nose
a: no special abilities


You were on level 3 of the Dungeon.
You were hungry.

You visited 1 branch of the dungeon, and saw 3 of its levels.

You collected 84 gold pieces.

Inventory:

Hand Weapons
 b - a +1 war axe (weapon)
Missiles
 m - 5 javelins of returning (quivered)
 w - 8 javelins of penetration
Armour
 d - a +0 robe
 l - a +1 chain mail (worn)
 t - a cursed +0 shield
Jewellery
 q - an amulet of the gourmand (around neck)
 r - a +2 ring of intelligence {unknown}
Scrolls
 c - 2 scrolls of teleportation
Potions
 a - 2 potions of cancellation
 h - a potion of lignification
 j - a potion of heal wounds
 n - a potion of degeneration {unknown}
 o - a potion of mutation {unknown}
 v - a potion of flight {unknown}
Comestibles
 f - 5 rations


   Skills:
 + Level 4.5 Fighting
 + Level 0.9 Short Blades
 + Level 0.9 Long Blades
 + Level 2.6 Axes
 + Level 0.9 Maces & Flails
 + Level 0.9 Polearms
 + Level 0.9 Staves
 + Level 0.9 Slings
 + Level 0.9 Bows
 + Level 0.9 Crossbows
 + Level 2.6 Throwing
 + Level 0.9 Armour
 + Level 0.9 Dodging
 + Level 2.4 Stealth
 + Level 0.9 Shields
 + Level 0.9 Unarmed Combat
 + Level 5.0 Spellcasting
 + Level 0.6 Conjurations
 + Level 0.6 Hexes
 + Level 0.6 Charms
 + Level 0.6 Summonings
 + Level 0.6 Necromancy
 + Level 0.6 Translocations
 + Level 2.1 Transmutations
 + Level 3.8 Fire Magic
 + Level 0.6 Ice Magic
 + Level 0.6 Air Magic
 + Level 0.6 Earth Magic
 + Level 0.6 Poison Magic
 + Level 1.0 Invocations
 + Level 0.9 Evocations


You had 12 spell levels left.
You didn't know any spells.

Dungeon Overview and Level Annotations

Branches:
Dungeon (3/15)

Altars:
Wu Jian


Innate Abilities, Weirdness & Mutations

Your experience applies equally to all skills.
You have very sharp teeth.
Your uncanny sense of smell can sniff out nearby items.


Message History

The javelin of returning returns to your pack!
You are feeling hungry.
You slash the ogre!
The ogre is severely wounded.
The ogre hits you with a giant spiked club!
You hit the ogre.
The ogre is severely wounded.
The ogre hits you with a giant spiked club!
* * * LOW HITPOINT WARNING * * *
You barely miss the ogre.
The ogre is severely wounded.
You hit the giant cockroach.
The giant cockroach bites you but does no damage.
The ogre barely misses you.
The giant cockroach bites you but does no damage.
You hit the ogre but do no damage.
The ogre is severely wounded.
You barely miss the giant cockroach. The giant cockroach barely misses you.
The ogre hits you with a giant spiked club!
You die...

## .# ######
.#####....########...
.....'....'..........
..####....###.####..
..###########.#### # #
.[...............#.#...#
................@.......
..###########...sO......
#.# ####.#.#.#.# ..##
#....... #.<+ .........
#.## #..##.#.. ..# ...#
.# . ..# #..# # ..#


You could see an ogre and a giant cockroach.

Vanquished Creatures
  An adder (D:2)
  2 dart slugs (D:1)
  A leopard gecko (D:1)
  8 bats
  3 giant cockroaches
  4 goblins
  2 hobgoblins (D:1)
  4 kobolds
  A quokka (D:2)
  3 frilled lizards
  6 rats
35 creatures vanquished.

Notes
Turn   | Place    | Note
-------+----------+-------------------------------------------
     0 | D:1      | xccam the Gnoll Wanderer began the quest for the Orb.
     0 | D:1      | xccam set off with: a +2 hand axe, a potion of curing, a scroll of teleportation, a +0 robe, a ration
     0 | D:1      | Reached XP level 1. HP: 20/20 MP: 6/6
    66 | D:1      | Reached XP level 2. HP: 23/26 MP: 7/7
   781 | D:1      | Reached XP level 3. HP: 31/31 MP: 9/9
   885 | D:2      | Reached skill level 5 in Spellcasting
   983 | D:2      | Found an ornate altar of the Wu Jian Council.
  1264 | D:2      | Reached skill level 1 in Invocations
  1698 | D:3      | Noticed an ogre
  1703 | D:3      | Slain by an ogre

Vault maps used:
D:1:      lightli_arrival_maybe_door_vault
D:2:      old_standard_altar, first_ration
D:3:      chequers_ecumenical_altar_simple_redux

Skill      XL: |  1  2  3 |
---------------+----------+-----
Transmutations | 2 |  2.1
Spellcasting   | 5 |  5.0
Invocations    | 1 |  1.0
Fighting       | |  4.5
Short Blades   | |  0.9
Long Blades    | |  0.9
Axes           | |  2.6
Maces & Flails | |  0.9
Polearms       | |  0.9
Staves         | |  0.9
Slings         | |  0.9
Bows           | |  0.9
Crossbows      | |  0.9
Throwing       | |  2.6
Armour         | |  0.9
Dodging        | |  0.9
Stealth        | |  2.4
Shields        | |  0.9
Unarmed Combat | |  0.9
Conjurations   | |  0.6
Hexes          | |  0.6
Charms         | |  0.6
Summonings     | |  0.6
Necromancy     | |  0.6
Translocations | |  0.6
Fire Magic     | |  3.8
Ice Magic      | |  0.6
Air Magic      | |  0.6
Earth Magic    | |  0.6
Poison Magic   | |  0.6
Evocations     | |  0.9

Action                   || total
-------------------------++-------
Melee: Hand axe          ||    83
       Bite              ||     5
       War axe           ||     6
Throw: Javelin           ||     2
  Use: Scroll            ||     8
       Potion            ||     2
 Stab: Sleeping          ||     7
  Eat: Chunk             ||     2
Armor: Robe              ||    18
       Chain mail        ||     4
Dodge: Dodged            ||    49

Table legend:
 A = Spawn XP
 B = Non-spawn XP
 C = Spawn XP percentage of total XP
 D = Spawn monster count
 E = Non-spawn monster count
 F = Spawn count percentage of total count
 G = Total turns spent on level
                    A         B        C        D         E        F      G
               +---------+---------+-------+---------+---------+-------+---------
         Total |       0 |      72 |   0.0 |       0 |      35 |   0.0 |  1703
               +---------+---------+-------+---------+---------+-------+---------
           D:1 |       0 |      36 |   0.0 |       0 |      18 |   0.0 |   871
           D:2 |       0 |      32 |   0.0 |       0 |      15 |   0.0 |   756
           D:3 |       0 |       4 |   0.0 |       0 |       2 |   0.0 |    76
               +---------+---------+-------+---------+---------+-------+---------
